 Dungeon Crawl Stone Soup version 0.20.0-10-g0535bb4 (webtiles) character file.

205 Larmestyx the Sneak (level 5, -4/25 HPs)
             Began as a Vine Stalker Enchanter on June 3, 2017.
             Slain by an ice beast (5 damage)
             ... on level 4 of the Dungeon.
             The game lasted 00:28:42 (3769 turns).

Larmestyx the Sneak (Vine Stalker Enchanter)        Turns: 3769, Time: 00:28:43

Health: -4/25      AC:  3    Str: 10    XL:     5   Next: 83%
Magic:  0/9        EV: 13    Int: 15    God:
Gold:   72         SH:  0    Dex: 16    Spells: 2/8 levels left

rFire    + . .     SeeInvis .   a - +1 dagger
rCold    + . .     Gourm    .   (no shield)
rNeg     . . .     Faith    .   b - +0 robe
rPois    +         Spirit   +   (no helmet)
rElec    .         Reflect  .   e - scarf {rC+ rF+}
rCorr    .         Harm     .   r - +0 pair of gloves
MR       .....                  (no boots)
Stlth    +++.......             (no amulet)
Regen    0.5/turn               o - ring of poison resistance
MPRegen  0.2/turn               (no ring)

@: no status effects
A: fangs 2, regeneration 1, magic shield, antimagic bite, no potion heal 3, rot
immunity
a: no special abilities


You were on level 4 of the Dungeon.
You were very hungry.

You visited 1 branch of the dungeon, and saw 4 of its levels.

You collected 72 gold pieces.

Inventory:

Hand Weapons
 a - a +1 dagger (weapon)
Armour
 b - a +0 robe (worn)
 e - a scarf of resistance (worn)
 r - a +0 pair of gloves (worn)
Jewellery
 o - a ring of poison resistance (left hand)
Wands
 t - a wand of flame (19/48)
 v - a wand of acid (10/15)
Scrolls
 i - 3 scrolls of identify
 j - a scroll of magic mapping
 k - a scroll of blinking {unknown}
 l - a scroll of recharging {unknown}
 n - 2 scrolls of remove curse {unknown}
 s - a scroll of random uselessness {unknown}
Potions
 g - 3 potions of brilliance {unknown}
 h - a potion of flight {unknown}
 m - a potion of mutation {unknown}
 p - a potion of curing {unknown}
 u - 2 potions of might {unknown}
Books
 c - a book of Maledictions

   Spells                             Type                      Level
   a - Corona                         Hexes                        1
   b - Ensorcelled Hibernation        Hexes/Ice                    2
   c - Confuse                        Hexes                        3
   d - Tukima's Dance                 Hexes                        3
   e - Dazzling Spray                 Conjuration/Hexes            3
Comestibles
 d - 3 bread rations
 f - 6 meat rations
 q - a royal jelly


   Skills:
 + Level 1.3 Fighting
 * Level 3.2 Short Blades
 + Level 2.1 Dodging
 + Level 4.9 Stealth
 + Level 2.2 Spellcasting
 + Level 3.5 Hexes
 + Level 0.4 Ice Magic


You had 2 spell levels left.
You knew the following spells:

 Your Spells              Type           Power        Failure   Level  Hunger
a - Corona                Hex            ##.....      4%          1    #......
b - Ensorcelled Hibernat  Hex/Ice        #.....       14%         2    ###....
c - Confuse               Hex            ##......     16%         3    ###....


Dungeon Overview and Level Annotations

Branches:
Dungeon (4/15)
 Temple: D:4-7

Altars:
Nemelex Xobeh
Qazlal
Sif Muna
Vehumet

Annotations:
D:2 Sigmund


Innate Abilities, Weirdness & Mutations

You have extremely sharp teeth.
Your natural rate of healing is unusually fast.
When hurt, damage is shared between your health and your magic reserves.
Your bite disrupts and absorbs the magic of your enemies.
Potions cannot restore your health.
You are immune to rotting.


Message History

The ice beast hits you but does no damage.
You hit the ice beast but do no damage. You bite the ice beast.
You drain its power.
You feel invigorated.
The ice beast is heavily wounded.
The ice beast closely misses you.
You closely miss the ice beast. Your bite misses the ice beast.
The ice beast is heavily wounded.
The ice beast misses you.
You are feeling very hungry.
You hit the ice beast but do no damage.
You bite the ice beast, but do no damage.
The ice beast is heavily wounded.
The ice beast hits you.
* * * LOW HITPOINT WARNING * * *
The ice beast freezes you. You resist.
* * * LOW HITPOINT WARNING * * *
You hit the ice beast. Your bite misses the ice beast.
The ice beast is heavily wounded.
The ice beast hits you. The ice beast freezes you. You resist.
You die...

###########.......####.##........
................+).............>.
##########.#....######.#####.####
# #......#### #[# #.# # #.##.###
.# #.# # #....# .# ..# #....# .#
... #######....###########.# #...
...[............@Y.....# #...
##.###.....#########..## #.#
#.....# ##.# ##.# #.....### #.#
...# #.....#.# #.. ######.....#.#
##.# .....'.....'.# ..
######.....#.# ... ...[ #######.#
....


You could see an ice beast.

Vanquished Creatures
  A howler monkey (D:4)
  A worker ant (D:3)
  Robin (D:2)
  3 adders
  An ooze (D:3)
  An adder skeleton (D:4)
  3 worms
  3 dart slugs
  A leopard gecko (D:1)
  An orc (D:4)
  8 bats
  6 giant cockroaches
  15 goblins
  12 hobgoblins
  3 jackals (D:2)
  A quokka (D:2)
  3 ball pythons
  5 frilled lizards
  5 kobolds
  7 rats
81 creatures vanquished.

Notes
Turn   | Place    | Note
-------+----------+-------------------------------------------
     0 | D:1      | Larmestyx the Vine Stalker Enchanter began the quest for the Orb.
     0 | D:1      | Reached XP level 1. HP: 9/9 MP: 4/4
    83 | D:1      | Reached skill level 1 in Short Blades
   138 | D:1      | Reached XP level 2. HP: 13/13 MP: 6/6
   277 | D:1      | Reached skill level 4 in Stealth
   710 | D:1      | Reached XP level 3. HP: 14/16 MP: 4/7
  1071 | D:1      | Learned a level 2 spell: Ensorcelled Hibernation
  1075 | D:1      | Learned a level 3 spell: Confuse
  1294 | D:2      | Found a stormy altar of Qazlal.
  1295 | D:2      | Noticed an air elemental
  1303 | D:2      | Noticed an earth elemental
  1303 | D:2      | Noticed a fire elemental
  1303 | D:2      | Noticed a water elemental
  1524 | D:2      | Found a sparkling altar of Nemelex Xobeh.
  1720 | D:2      | Noticed Sigmund
  1770 | D:2      | Found a sparkling altar of Nemelex Xobeh.
  1973 | D:2      | Found a deep blue altar of Sif Muna.
  2337 | D:3      | Gained mutation: Your natural rate of healing is unusually fast. [Vine Stalker growth]
  2337 | D:3      | Reached XP level 4. HP: 15/21 MP: 6/8
  2481 | D:3      | Noticed Robin
  2709 | D:2      | Killed Robin
  2940 | D:3      | Reached skill level 1 in Fighting
  2940 | D:3      | Reached XP level 5. HP: 11/25 MP: 5/9
  3451 | D:4      | Found a radiant altar of Vehumet.
  3742 | D:4      | Noticed an ice beast
  3768 | D:4      | HP: 1/25 [ice beast (3)]
  3769 | D:4      | Slain by an ice beast

Skill      XL: |  1  2  3  4  5 |
---------------+----------------+-----
Short Blades   | 1 2 3 |  3.2
Stealth        | 4 |  4.9
Fighting       | 1 |  1.3
Dodging        | 2 |  2.1
Spellcasting   | |  2.2
Hexes          | |  3.5
Ice Magic      | |  0.4

Action                   |  1- 3 |  4- 6 || total
-------------------------+-------+-------++-------
Melee: Dagger            |   157 |   168 ||   325
       Bite              |    32 |    51 ||    83
 Cast: Ensorcelled Hiber |     1 |     7 ||     8
Evoke: Wand              |       |     1 ||     1
  Use: Scroll            |     1 |       ||     1
 Stab: Sleeping          |     9 |     6 ||    15
  Eat: Chunk             |     4 |     5 ||     9
Armor: Robe              |    32 |    14 ||    46
Dodge: Dodged            |    79 |    97 ||   176
